AoeStats
← CoutKeCout

Arabia

506635926Analyzed
2v2 RM · 17d ago on Sep 14, 2026· 31m 55s· 4 players
Game mode
Random Map
Map size
Medium (4 player)
Population
200
Speed
Normal
Resources
Standard
Victory
Conquest
Starting age
Dark Age
Ending age
Imperial Age
RankedLock teamsTeams togetherTeam positionsShared explorationLock speedFull tech treeHidden civsTurbo modeCheats
Victory
Defeat
🇦🇷 Mapuche · Argentina
954
+18
🇦🇷 Bohemians · Argentina
927
+19
🇩🇪 Persians · Germany
1060
-21
🇫🇷 Bohemians · France
924
-16
Lauchabtz
10:33 Feudal Age
9:33 Loom
16:15 Castle Age
15:59 Fletching
17:08 Bodkin Arrow
18:50 Double-Bit Axe
22:50 Horse Collar
Pirata
9:45 Loom
11:30 Feudal Age
17:39 Castle Age
17:30 Double-Bit Axe
28:10 Pikeman
28:51 Squires
33:09 Chemistry
CoutKeCout
3:35 Loom
10:27 Feudal Age
15:33 Castle Age
17:53 Double-Bit Axe
19:44 Bow Saw
LuxusLuchs
9:36 Feudal Age
11:14 Double-Bit Axe
12:16 Loom
16:31 Horse Collar
19:30 Castle Age
18:45 Bloodlines
19:25 Scale Barding Armor
19:31 Forging
24:28 Husbandry
28:02 Wheelbarrow
29:29 Heavy Plow
31:18 Iron Casting
31:04 Chain Barding Armor
34:59 Imperial Age
Connection lost

Rejoining the realm…

Still unreachable

The connection could not be restored.

Session expired

The server has moved on; the page needs a fresh start.